 Dungeon Crawl Stone Soup version 0.17-a0-1397-g0eee0a3 (webtiles) character file.

436 Fluffy the Cudgeler (level 7, -15/42 HPs)
             Began as a Gargoyle Fighter on June 17, 2015.
             Was an Initiate of Okawaru.
             Demolished by an ogre
             ... wielding a +0 giant spiked club
              (23 damage)
             ... on level 5 of the Dungeon.
             The game lasted 00:07:06 (3023 turns).

Fluffy the Cudgeler (Gargoyle Fighter)              Turns: 3023, Time: 00:07:06

Health: -15/42     AC: 20    Str: 19    XL:     7   Next: 1%
Magic:  8/8        EV:  5    Int:  9    God:    Okawaru [......]
Gold:   357        SH:  9    Dex: 11    Spells: 0 memorised, 6 levels left

rFire  . . .     SeeInvis .     f - +0 flail (holy)
rCold  . . .     Clarity  .     g - +4 chain mail {rPois}
rNeg   + . .     SustAt   .     c - +0 shield
rPois  ∞         Gourm    .     (no helmet)
rElec  +         Spirit   .     (no cloak)
rCorr  +         Warding  .     q - +1 pair of gloves
rMut   .         Stasis   .     (no boots)
MR     .....                    i - amulet of resist corrosion
Stlth  ..........               (no ring)
                                (no ring)

@: not resistant to hostile enchantments, extremely unstealthy
A: negative energy resistance 1, electricity resistance, unbreathing,
petrification resistance, rot immunity, AC +4
a: Renounce Religion


You were on level 5 of the Dungeon.
You worshipped Okawaru.
Okawaru was noncommittal.
You were not hungry.

You visited 2 branches of the dungeon, and saw 6 of its levels.

You collected 357 gold pieces.

Inventory:

Hand weapons
 f - a +0 flail of holy wrath (weapon)
 v - the +8 trident "Eruweapp" {flame, Str+5 Int+2}
   (You found it on level 4 of the Dungeon)

   It has been specially enchanted to burn those struck by it, causing extra
   injury to most foes and up to half again as much damage against particularly
   susceptible opponents.
   It affects your strength (+5).
   It affects your intelligence (+2).
Armour
 c - a +0 shield (worn)
 g - a +4 chain mail of poison resistance (worn)
 q - a +1 pair of gloves (worn)
Jewellery
 i - an amulet of resist corrosion (around neck)
Scrolls
 b - a scroll of magic mapping
 k - 2 scrolls of enchant weapon
 n - a scroll of remove curse
 t - 3 scrolls of enchant armour
Potions
 a - a potion of degeneration {unknown}
 d - a potion of cure mutation
 m - a potion of haste
 o - 2 potions of curing
 s - a potion of invisibility {unknown}
 u - a potion of flight {unknown}
Comestibles
 e - 3 bread rations


   Skills:
 + Level 3.8 Fighting
 + Level 6.4 Maces & Flails
 + Level 3.7 Armour
 + Level 3.6 Shields
 + Level 1.4 Invocations


You had 6 spell levels left.
You didn't know any spells.

Dungeon Overview and Level Annotations

Branches:
Dungeon (5/15)             Temple (1/1) D:4

Altars:
Cheibriados
Dithmenos
Elyvilon
Fedhas
Gozag
Kikubaaqudgha
Makhleb
Nemelex Xobeh
Okawaru
Qazlal
Ru
Sif Muna
Trog
Vehumet
Xom
Yredelemnul
Zin
The Shining One


Innate Abilities, Weirdness & Mutations

You are resistant to torment.
Your stone body is resilient (AC +4).
You are immune to poison.
You resist negative energy.
You are resistant to electric shocks.
You can survive without breathing.
You are immune to petrification.
You are immune to rotting.


Message History

You barely miss the ogre.
The ogre hits you with a giant spiked club!
You hit the ogre.
The ogre is lightly wounded.
You hit the ogre.
The ogre is moderately wounded.
You block the ogre's attack.
You sock the ogre!
The ogre is severely wounded.
The ogre hits you with a giant spiked club!!
Ouch! That really hurt!
* * * LOW HITPOINT WARNING * * *
You hit the ogre.
The ogre is severely wounded.
The ogre hits you but does no damage.
You hit the ogre.
The ogre is almost dead.
The ogre hits you with a giant spiked club!!
Ouch! That really hurt!
You die...

######### ##..<....##
###.........## ***
##............# *###*,*
#............## *#..#,,*
#............# *#...#,**
#...........## *#.....,*
###.........####......,*
#######...@O........,**
**#.....#........,,*
**#....####=...<..S,,**
***#....###
#........,,,*
*****,,...##*
#........,,,*
,**,,,,.##*
##.......,,,* ,,,,,,***
*...!...*,** *,,,***
*#.#####*,** **,** *##
**,*


You could see an ogre.

Vanquished Creatures
  Sigmund (D:3)
  Edmund (D:4)
  A worker ant (D:4)
  7 adders
  2 worms (D:2)
  4 giant geckos
  5 bats
  4 giant cockroaches
  10 goblins
  7 hobgoblins
  3 quokkas
  A ball python (D:3)
  5 giant newts
  11 kobolds
  9 rats
71 creatures vanquished.

Notes
Turn   | Place    | Note
--------------------------------------------------------------
     0 | D:1      | Fluffy the Gargoyle Fighter began the quest for the Orb.
     0 | D:1      | Reached XP level 1. HP: 14/14 MP: 1/1
   108 | D:1      | Reached XP level 2. HP: 5/19 MP: 2/2
   855 | D:2      | Found a shadowy altar of Dithmenos.
   881 | D:2      | Reached XP level 3. HP: 23/23 MP: 3/3
  1237 | D:2      | Reached skill level 4 in Maces & Flails
  1269 | D:2      | Reached XP level 4. HP: 17/28 MP: 4/4
  1821 | D:3      | Noticed Sigmund
  1831 | D:3      | Killed Sigmund
  1831 | D:3      | Reached skill level 6 in Maces & Flails
  1831 | D:3      | Reached XP level 5. HP: 21/32 MP: 5/5
  1831 | D:3      | Reached XP level 6. HP: 24/37 MP: 6/6
  2064 | D:3      | Found a white marble altar of Elyvilon.
  2273 | D:4      | Got a crude trident
  2334 | D:4      | Identified the +8 trident "Eruweapp" {flame, Str+5 Int+2} (You found it on level 4 of the Dungeon)
  2349 | D:4      | Found a staircase to the Ecumenical Temple.
  2355 | Temple   | Entered the Ecumenical Temple
  2448 | Temple   | Became a worshipper of Warmaster Okawaru
  2497 | D:4      | Noticed Edmund
  2519 | D:4      | Killed Edmund
  2519 | D:4      | Reached skill level 1 in Invocations
  2918 | D:4      | Reached XP level 7. HP: 42/42 MP: 8/8
  2997 | D:5      | Entered Level 5 of the Dungeon
  3023 | D:5      | Demolished by an ogre

Vault maps used:
D:1:      lightli_arrival_statuegarden, minmay_misc_feat_nine_boxes
D:2:      nicolae_dithmenos_through_a_glass_darkly
D:3:      first_bread, elyvilon_altar_3, uniq_sigmund
D:4:      minmay_temple_entry_trees, uniq_edmund
D:5:      nicolae_ossuary_entry_ruins
Temple:   kilobyte_greek_temple_18

Action                   |  1- 3 |  4- 6 |  7- 9 || total
-------------------------+-------+-------+-------++-------
Melee: Flail             |   176 |   136 |     6 ||   318
       Trident           |       |    22 |       ||    22
  Use: Potion            |       |     1 |       ||     1
       Scroll            |       |    12 |     1 ||    13
  Eat: Chunk             |     1 |     6 |       ||     7
